Unix NetHack Version 5.0.0-0 post-release - last build May 31 2026 23:59:36 (970b52f25bf058293b47ddfd14a1e40e571c508c,branch:main).

Game began 2026-06-05 00:48:13, ended 2026-06-05 00:59:57.

Jobair, lawful female dwarven Archeologist

                                             -----
 ------      -----------       ####0#0#######-...|     ------
 |....|      |.....`....####0############    |...-##   |....-#
 |....|      |.........|######               ....| ##  |>.|.|##
 |.)..|      |.........|                     --|--  ###.....| #
 |....-##### -------.---                       ####    |....| #
 |....|  #############                            #    ------ #
 ---|--  ##         #                             ##          ####
    #  ###          #                              #             #   -----
    # ##     --------------                        #             #   |.[/|
    # #      |............|                        ## #          ### |.//|
 ---|-#      |............|                 -----.--.-|-           # |.//|
 |...|#     @d.....$.......                 |..........|           ##-.//|
 |....#####f#|............|                 |<.........|             |.//|
 |...|       |............|                 +..........|             -----
 -----       --------------                 |..........|
                                            ------------

Jobair the Field Worker    St:11 Dx:12 Co:15 In:11 Wi:16 Ch:10  Lawful
Dlvl:4  $:80 HP:0(36) Pw:10(10) AC:9  Xp:3 T:1539  Burdened

Latest messages:
 Unlock it with your credit card? [ynq] (q) y
 You succeed in picking the lock.
 The door opens.
 You find a hidden passage.
 You find a hidden door.
 The door opens.
 You see here 13 gold pieces.
 You swap places with the peaceful hobbit.
 You see here 13 gold pieces.
 Godzilla misses the hobbit.
 Godzilla bites the hobbit.
 The hobbit is killed!
 You see here a dagger.
 You have a little trouble lifting E - a dagger.
 You see here 13 gold pieces.
 You have a little trouble lifting $ - 13 gold pieces (80 in total).
 You swap places with Godzilla.
 You swap places with Godzilla.
 You swap places with Godzilla.
 It bites the iguana.
 The iguana misses it.
 It misses the iguana.
 You hear some noises.
 You hear some noises in the distance.
 You hear some noises.
 You hear some noises in the distance.
 You hear some noises.
 You hear some noises in the distance.
 The door resists!
 The door opens.
 The little dog bites!
 The little dog bites!
 You lash the little dog.
 The little dog bites!
 The little dog bites!
 You lash the little dog.
 The little dog bites!
 You miss the little dog.
 The little dog bites!
 The little dog bites!
 The little dog bites!
 The little dog bites!
 The little dog bites!
 The little dog bites!
 You die...
 Do you want your possessions identified? [ynq] (y) y
 Do you want to see your attributes? [ynq] (y) y
 Do you want an account of creatures vanquished? [ynaq] (y) y
 Do you want to see your conduct and achievements? [ynq] (y) y
 Do you want to see the dungeon overview? [ynq] (y) y

Inventory:
 Coins    ('$')
  $ - 80 gold pieces
 Amulets  ('"')
  v - an uncursed amulet of magical breathing
 Weapons  (')')
  x - a +0 sling
  E - a +0 dagger
  a - a +2 bullwhip (weapon in right hand)
 Armor    ('[')
  c - an uncursed +0 fedora (being worn)
  h - an uncursed +0 leather jacket (being worn)
 Comestibles  ('%')
  d - 4 uncursed food rations
  D - 2 uncursed fortune cookies
 Scrolls  ('?')
  o - a blessed scroll of blank paper
  k - a blessed scroll of create monster
  t - an uncursed scroll of identify
  B - an uncursed scroll of magic mapping
 Spellbooks  ('+')
  l - an uncursed spellbook of light
 Potions  ('!')
  m - an uncursed potion of blindness
  w - 2 blessed potions of healing
  q - 2 uncursed potions of healing
  r - 2 cursed potions of healing
  A - a blessed potion of oil
  n - an uncursed potion of see invisible
 Wands    ('/')
  s - a wand of digging (0:7)
  C - a wand of magic missile (0:3)
 Tools    ('(')
  b - an uncursed sack containing 1 item
  p - an uncursed credit card
  z - an uncursed leash
  u - an uncursed tin whistle
  f - a tinning kit (0:93)
 Gems/Stones  ('*')
  i - 2 uncursed worthless pieces of black glass
  g - an uncursed touchstone
  y - 4 uncursed rocks

Contents of the sack:
  a +0 pick-axe

Jobair the Archeologist's attributes:

Background:
 You were a Field Worker, a level 3 female dwarven Archeologist.
 You were lawful, on a mission for Quetzalcoatl
 who was opposed by Camaxtli (neutral) and Huhetotl (chaotic).
 You were right-handed.
 You were in the Dungeons of Doom, on level 4.
 You entered the dungeon 1539 turns ago.
 It was the midnight hour.
 You had 57 experience points, 23 more were needed to attain level 4.

Basics:
 You had 0 out of 36 hit points.
 You had all 10 energy points (spell power).
 Your armor class was 9.
 Your wallet contained 80 zorkmids.
 Autopickup was off.

Final Characteristics:
 Your strength was 11 (limit:18/100).
 Your dexterity was 12 (limit:20).
 Your constitution was 15 (limit:20).
 Your intelligence was 11 (limit:16).
 Your wisdom was 16 (limit:16).
 Your charisma was 10 (limit:16).

Final Status:
 You weren't hungry.
 You were burdened; movement was slightly slowed.
 You were wielding a whip.
 You had basic skill with whip.

Final Attributes:
 You were devoutly aligned.
 You had automatic searching.
 You had infravision.
 You were lucky.
 You are dead.

Miscellaneous:
 You didn't encounter any bones levels.
 Total elapsed playing time was 11 minutes and 43 seconds.

Major events:
 Turn
    1: Jobair the lawful female dwarven Archeologist entered the dungeon
  370: entered the Gnomish Mines
  977: attained the rank of Field Worker (level 3)
 1539: killed by a little dog

You didn't know any spells.

Skills:
 Fighting Skills
   bare handed combat [Unskilled]
   two weapon combat  [Unskilled]
   riding             [Unskilled]
 Weapon Skills
   dagger             [Unskilled]
   knife              [Unskilled]
   pick-axe           [Basic]
   short sword        [Unskilled]
   saber              [Unskilled]
   club               [Unskilled]
   quarterstaff       [Unskilled]
   sling              [Unskilled]
   dart               [Unskilled]
   boomerang          [Unskilled]
   whip               [Basic]
   unicorn horn       [Unskilled]
 Spellcasting Skills
   attack spells      [Unskilled]
   healing spells     [Unskilled]
   divination spells  [Unskilled]
   matter spells      [Unskilled]

Voluntary challenges:
 Character rerolling was not enabled.
 You never genocided any monsters.
 You never polymorphed an object.
 You used no wishes.
Achievements:
 You entered the Gnomish Mines.
 You attained the rank of Field Worker.
 You entered a shop.

 The Dungeons of Doom: levels 1 to 4
    Level 1:
       A fountain, a grave.
    Level 2:
       A fountain.
       Stairs down to The Gnomish Mines.
    Level 3:
    Level 4: <- You were here.
       A wand shop, a grave.
       Final resting place for
          you, killed by a little dog.
 The Gnomish Mines:
    Level 3:


Vanquished creatures:
  a werejackal
 an iguana
  2 hobbits
  a yellow mold
  a green mold
  2 geckos
  4 jackals
  4 foxes
  3 sewer rats
  4 grid bugs
  3 lichens
  4 newts
30 creatures vanquished.

No species were genocided or became extinct.

Game over:
                       ----------
                      /          \
                     /    REST    \
                    /      IN      \
                   /     PEACE      \
                  /                  \
                  |      Jobair      |
                  |      80 Au       |
                  |   killed by a    |
                  |    little dog    |
                  |                  |
                  |                  |
                  |       2026       |
                 *|     *  *  *      | *
        _________)/\\_//(\/(/\)/\//\/|_)_______

Goodbye Jobair the Archeologist...

You died in The Dungeons of Doom on dungeon level 4 with 460 points,
and 80 pieces of gold, after 1539 moves.
You were level 3 with a maximum of 36 hit points when you died.

